 Dungeon Crawl Stone Soup version 0.29-a0-857-g9b1aa3ac5b (webtiles) character file.

Game seed: 11458096430986628022

5739 Zonian the Frost Mage (level 10, -1/76 HPs)
             Began as a Demonspawn Ice Elementalist on July 16, 2022.
             Was a Believer of Cheibriados.
             Killed from afar by a steam dragon (18 damage)
             ... with a ball of steam
             ... on level 9 of the Dungeon.
             The game lasted 00:34:28 (13590 turns).

Zonian the Frost Mage (DsIE)                       Turns: 13590, Time: 00:34:31

Health: -1/76      AC: 14    Str: 18    XL:     10   Next: 49%
Magic:  11/17      EV: 15    Int: 20    God:    Cheibriados [**....]
Gold:   199        SH:  5    Dex: 27    Spells: 7/14 levels left

rFire   . . .      SeeInvis .   f - +3 dagger (drain)
rCold   . . .      Faith    .   (no shield)
rNeg    . . .      Spirit   .   s - +1 ring mail "Geriluho" {rElec Will+ rCorr Stlth+}
rPois   +          Reflect  +   (no helmet)
rElec   +          Harm     .   O - +1 cloak {rPois}
rCorr   +          Rampage  .   (no gloves)
Will    +....                   z - +1 pair of boots
Stlth   ++++++....              m - amulet of reflection
HPRegen 0.22/turn               l - ring of poison resistance
MPRegen 0.15/turn               y - +6 ring of strength

@: ice-armoured, freezing walls, very slow
A: thin skeletal structure 2, demonic guardian 1, spiny 2
a: Renounce Religion, Bend Time


You were on level 9 of the Dungeon.
You worshipped Cheibriados.
Cheibriados was pleased with you.
You visited 1 branch of the dungeon, and saw 9 of its levels.

You collected 439 gold pieces.
You spent 240 gold pieces at shops.

Inventory:

Hand Weapons
 f - a +3 dagger of draining (weapon)
 g - a +0 spear
 u - a +2 trident of pain
 F - a +2 shortbow of flaming
 H - a +0 long sword of distortion
 I - a +5 short sword
 J - a +3 scimitar of freezing
 K - a +5 falchion of freezing
 L - a +5 trident of freezing
Missiles
 c - 8 boomerangs
 j - 6 javelins
Armour
 a - a +0 robe
 s - the +1 ring mail "Geriluho" (worn) {rElec Will+ rCorr Stlth+}
   (You took it off an orc on level 5 of the Dungeon)

   rElec:     It insulates you from electricity.
   rCorr:     It protects you from acid and corrosion.
   Will:      It increases your willpower.
   Stlth:     It makes you more stealthy.
 t - +0 steam dragon scales
 z - a +1 pair of boots (worn)
 O - a +1 cloak of poison resistance (worn)
Jewellery
 l - a ring of poison resistance (left hand)
 m - an amulet of reflection (around neck)
 w - an amulet of magic regeneration
 y - a +6 ring of strength (right hand)
 N - an amulet of the acrobat
Wands
 D - a wand of iceblast (3)
 G - a wand of paralysis (6)
Scrolls
 v - 6 scrolls of immolation
 x - a scroll of amnesia
 M - a scroll of silence {unknown}
Potions
 b - a potion of cancellation
 h - 4 potions of flight
 i - a potion of berserk rage {unknown}
 k - 3 potions of ambrosia
 n - a potion of haste {unknown}
 o - 2 potions of brilliance
 p - a potion of lignification {unknown}
 q - 3 potions of mutation
 r - 2 potions of might
 C - 2 potions of degeneration {unknown}
 E - a potion of invisibility


   Skills:
 + Level 5.9 Fighting
 - Level 5.0 Dodging
 - Level 5.0 Stealth
 - Level 2.7 Spellcasting
 - Level 10.0 Ice Magic
 - Level 10.0 Invocations


You had 7 spell levels left.
You knew the following spells:

 Your Spells              Type           Power      Damage    Failure   Level
a - Freeze                Ice            100%       1d11      1%          1
b - Frozen Ramparts       Ice            84%        1d10      1%          3
c - Ozocubu's Armour      Ice            42%        N/A       1%          3

Your spell library contained the following spells:

 Spells                   Type           Power      Damage    Failure   Level
 Hailstorm                Conj/Ice       22%        3d7       32%         4
 Ice Form                 Ice/Tmut       22%        N/A       32%         4
 Summon Ice Beast         Ice/Summ       22%        N/A       32%         4
 Blink                    Tloc           4%         N/A       36%         2
 Dazzling Flash           Conj/Hex       4%         N/A       61%         3
 Lesser Beckoning         Tloc           2%         N/A       61%         3
 Airstrike                Air            1%         0-2+      95%         4
 Summon Lightning Spire   Summ/Air       2%         N/A       95%         4
 Agony                    Necr           2%         N/A       100%        5
 Lightning Bolt           Conj/Air       1%         1d12      100%        5
 Manifold Assault         Tloc           2%         N/A       100%        5
 Silence                  Hex/Air        1%         N/A       100%        5


Dungeon Overview and Level Annotations

Branches:
Dungeon (9/15)             Temple (0/1) D:5             Orc (0/2) D:9
   Lair: D:8-11

Altars:
Ashenzari
Cheibriados
Makhleb
Trog
Uskayaw

Shops:
D:8 [

Annotations:
D:2 1 runed translucent door, Crazy Yiuf


Innate Abilities, Weirdness & Mutations

You have a moderately thin skeletal structure. (Dex +4, Stealth++)
A weak demonic guardian rushes to your aid.
You are mostly covered in sharp spines.


Message History

The ball of steam hits your ufetubus!
Your ufetubus dies!
Your ufetubus disappears in a puff of smoke!
The ball of steam misses you.
The centaur warrior shoots an arrow.
You reflect the arrow off an invisible shield around you!
The arrow hits the centaur warrior!!
You kill the centaur warrior!
Cheibriados thoroughly appreciates the change of pace.
Your Fighting skill increases to level 5!
You feel better.
You are engulfed in a cloud of scalding steam.
* * * LOW HITPOINT WARNING * * *
The heat melts your icy armour.
Casting: Ozocubu's Armour (safe; 1% risk of failure)
Confirm with . or Enter, or press ? or * to list all spells.
Casting: Frozen Ramparts (safe; 1% risk of failure)
Press: ? - help, Dir - look around, f - activate
There is a cloud of steam here.
The walls around you are covered in ice.
You are engulfed in a cloud of scalding steam.
The centaur shoots an arrow.
The arrow hits you!
* * * LOW HITPOINT WARNING * * *
A demonic guardian appears!
The wall freezes the steam dragon.
The steam dragon completely misses you. The steam dragon barely misses you.
The centaur shoots an arrow.
The arrow misses you.
The arrow closely misses the steam dragon.
The heat melts your icy armour.
Okay, then.
You feel better.
The centaur shoots an arrow.
The arrow barely misses you.
The arrow hits the steam dragon!
The wall freezes the steam dragon.
The steam dragon barely misses you. The steam dragon closely misses you.
Okay, then.
You hit the steam dragon but do no damage.
The steam dragon is almost dead.
The centaur is engulfed in a cloud of scalding steam.
The centaur shoots an arrow.
The arrow hits you but does no damage.
The wall freezes the steam dragon.
The steam dragon breathes steam at you. The ball of steam hits you!!
You die...

##.#.# ... ##..#.##
...... .. #..##..#
####...... .. #.####.#
#......... .# #.# #.#
#......... . #.# #.#
#.........
#!##.####.####.#.......
#.#.#...c§§.##)).........
#c#.....§...@D)#...>.....
#.###...§.§5####.........
#.# #.......# #..gg.>...
#.. #......... #....g....
#.##.....$##. #.........
#..#....### ##........
#....W.# ##.....#.
#.....## #......# #.....#
#......#####


You could see a steam dragon (catching breath, ally target), a shadow, a centaur
and a friendly iron imp (summoned).

Vanquished Creatures
  A centaur warrior (D:9)
  Maggie (D:8)
  A troll (D:8)
  A slime creature (D:9)
  3 yaks (D:8)
  A basilisk (D:9)
  A wyvern (D:9)
  3 steam dragons
  Menkaure (D:5)
  An ice beast (D:7)
  2 water moccasins
  An orc warrior (D:9)
  A sky beast (D:8)
  An ogre (D:7)
  2 centaurs
  2 phantoms
  A kobold brigand (D:7)
  2 bullfrogs (D:6)
  3 gnoll sergeants
  A scorpion (D:7)
  3 necrophages
  11 wights
  12 killer bees
  A hound (D:5)
  A gnoll bouda (D:6)
  3 iguanas
  8 orc wizards
  9 gnolls
  8 adders
  3 shadow imps
  A white imp (D:7)
  An ufetubus (D:6)
  3 worms
  3 dart slugs
  22 orcs
  6 ball pythons
  6 endoplasms
  3 giant cockroaches
  5 goblins
  6 hobgoblins
  5 jackals
  4 quokkas
  6 bats
  3 frilled lizards (D:2)
  14 kobolds
  6 rats
183 creatures vanquished.

Vanquished Creatures (collateral kills)
  An orc priest (D:5)
1 creature vanquished.

Vanquished Creatures (others)
  An orc (D:8)
  18 fungi
  65 plants (D:5)
84 creatures vanquished.

Grand Total: 268 creatures vanquished

Notes
Turn   | Place    | Note
-------+----------+-------------------------------------------
     0 | D:1      | Zonian the Demonspawn Ice Elementalist began the quest for
                  | the Orb.
     0 | D:1      | Reached XP level 1. HP: 13/13 MP: 3/3
   359 | D:1      | Gained mutation: You have a somewhat thin skeletal
                  | structure. (Dex +2, Stealth+) [demonic ancestry]
   359 | D:1      | Reached XP level 2. HP: 19/19 MP: 0/5
  1525 | D:2      | Gained mutation: You are partially covered in sharp spines.
                  | [demonic ancestry]
  1525 | D:2      | Reached XP level 3. HP: 24/24 MP: 6/6
  1636 | D:2      | Found a bloodstained altar of Trog.
  1761 | D:2      | Found a faded altar of an unknown god.
  2508 | D:2      | Reached XP level 4. HP: 30/30 MP: 7/7
  2675 | D:2      | Found a runed translucent door.
  2676 | D:2      | Noticed Crazy Yiuf
  3064 | D:3      | Learned a level 3 spell: Frozen Ramparts
  3068 | D:3      | Learned a level 3 spell: Ozocubu's Armour
  3090 | D:3      | Noticed a scorpion
  4765 | D:5      | Entered Level 5 of the Dungeon
  4800 | D:5      | Reached XP level 5. HP: 26/35 MP: 9/9
  4903 | D:5      | Reached skill level 5 in Ice Magic
  4983 | D:5      | Found a broken altar of Ashenzari.
  4983 | D:5      | Noticed a phantom
  4988 | D:5      | Found a snail-covered altar of Cheibriados.
  4989 | D:5      | Noticed a centaur
  4994 | D:5      | Killed a centaur
  4995 | D:5      | Reached XP level 6. HP: 14/41 MP: 7/10
  5305 | D:5      | Gained mutation: You are mostly covered in sharp spines.
                  | [demonic ancestry]
  5305 | D:5      | Reached XP level 7. HP: 16/46 MP: 4/11
  5959 | D:5      | Identified the +1 ring mail "Geriluho" {rElec Will+ rCorr
                  | Stlth+}
  6107 | D:5      | Noticed Menkaure
  6447 | D:6      | Noticed a steam dragon
  6698 | D:6      | Killed a steam dragon
  7353 | D:6      | Noticed a steam dragon
  7535 | D:6      | Gained mutation: You have a moderately thin skeletal
                  | structure. (Dex +4, Stealth++) [demonic ancestry]
  7535 | D:6      | Reached XP level 8. HP: 50/52 MP: 12/12
  8461 | D:7      | Reached skill level 10 in Ice Magic
  8556 | D:7      | Found a hide-covered altar of Uskayaw.
  9006 | D:7      | Reached skill level 5 in Stealth
  9145 | D:7      | Gained mutation: A weak demonic guardian rushes to your
                  | aid. [demonic ancestry]
  9145 | D:7      | Reached XP level 9. HP: 56/57 MP: 13/13
  9709 | D:5      | Killed Menkaure
  9863 | D:5      | Became a worshipper of Cheibriados the Contemplative
  9942 | D:5      | Found a staircase to the Ecumenical Temple.
 10285 | D:8      | Noticed Maggie
 10294 | D:8      | Killed Maggie
 10295 | D:8      | Reached skill level 5 in Dodging
 11172 | D:8      | Reached skill level 5 in Invocations
 11593 | D:8      | Reached * piety under Cheibriados
 11603 | D:8      | Found a burning altar of Makhleb.
 11867 | D:8      | Reached XP level 10. HP: 33/63 MP: 13/17
 12131 | D:8      | Found Xurhuumu's Antique Armour Emporium.
 12134 | D:8      | Bought an embroidered cloak for 240 gold pieces
 12458 | D:9      | Reached skill level 1 in Fighting
 12536 | D:9      | Noticed a two-headed ogre
 12595 | D:8      | Reached skill level 10 in Invocations
 13556 | D:9      | Found a staircase to the Orcish Mines.
 13570 | D:9      | Reached ** piety under Cheibriados
 13578 | D:9      | Noticed a centaur warrior
 13586 | D:9      | Killed a centaur warrior
 13587 | D:9      | Reached skill level 5 in Fighting
 13590 | D:9      | Killed from afar by a steam dragon

Illustrated notes

Levels and vault maps discovered:
D:1:      kennysheep_arrival_forest, layout_basic, dreamdust_princess_corridor,
          minmay_door_square, st_stairs_10, feat_on_display
D:2:      layout_basic, basic_altar, nicolae_ecumenical_oubliette,
          uniq_crazy_yiuf_cottage
D:3:      layout_loops_corners
D:4:      minmay_door_path, layout_basic, serial_aquarium,
          aquarium_bridge_square [aquarium_subvault_balcony,
          aquarium_subvault_bridge, aquarium_subvault_bridge,
          aquarium_subvault_balcony], aquarium_window_2, aquarium_window_1,
          aquarium_window_fake, aquarium_window_1, aquarium_view_2c,
          aquarium_view_2d, aquarium_balcony_double_2, aquarium_pool_side
D:5:      layout_loops_ring, mainiacjoe_overflow_catch_the_wave,
          minmay_temple_entry_proselytizer,
          hangedman_abyss_or_decor_lesser_grid, uniq_menkaure
D:6:      layout_cave_pods, minmay_starry_boxes
D:7:      layout_layer_cave, nicolae_uskayaw_dance_studio
D:8:      layout_loops_cross, bloody_makhleb, serial_shops,
          nicolae_shop_statue_plus, uniq_maggie
D:9:      minmay_bloctagon_deflated, layout_rooms, orc_0_dummy

Skill      XL: |  1  2  3  4  5  6  7  8  9 10 |
---------------+-------------------------------+-----
Stealth        | 2 5 |  5.0
Dodging        | 2 3 5 |  5.0
Ice Magic      | 4 5 6 8 10 | 10.0
Invocations    | 9 10 | 10.0
Fighting       | 5 |  5.9
Spellcasting   | |  2.7

Action                   |  1- 3 |  4- 6 |  7- 9 | 10-12 || total
-------------------------+-------+-------+-------+-------++-------
Melee: Dagger            |    30 |    89 |   191 |    36 ||   346
       Punch             |     1 |     2 |     2 |     1 ||     6
 Cast: Freeze            |    48 |     6 |     5 |       ||    59
       Frozen Ramparts   |       |       |     8 |     6 ||    14
       Ozocubu's Armour  |       |       |       |     1 ||     1
Invok: Bend Time         |       |       |       |     1 ||     1
Evoke: Wand              |       |       |     6 |     6 ||    12
  Use: Potion            |     1 |     1 |     2 |     3 ||     7
       Scroll            |     2 |    17 |     7 |     2 ||    28
 Stab: Sleeping          |     9 |    14 |    15 |     1 ||    39
       Distracted        |       |       |     1 |       ||     1
Armor: Robe              |     9 |     7 |     3 |       ||    19
       Ring mail         |       |       |    40 |    17 ||    57
Dodge: Dodged            |    42 |    44 |    74 |    46 ||   206
Block: Other             |       |    23 |    44 |    13 ||    80
       Reflection        |       |     1 |     1 |     3 ||     5

Table legend: (Time is in decaauts)
 A = Elapsed time spent in this place.
 B = Non-inter-level travel time spent in this place.
 C = Inter-level travel time spent in this place.
 D = Time resting spent in this place.
 E = Time spent auto-exploring this place.
 F = Levels seen in this place.
 G = Mean time per level.
                   A        B        C        D        E       F      G
               +--------+--------+--------+--------+--------+-----+--------+
         Total |  14007 |  13253 |    754 |   5150 |   5249 |   9 | 1556.3 |
       Dungeon |  14007 |  13253 |    754 |   5150 |   5249 |   9 | 1556.3 |
               +--------+--------+--------+--------+--------+-----+--------+

Top non-repeatable levels by time:
     D:8: 2434 daAuts
     D:7: 2358 daAuts
     D:5: 2194 daAuts
     D:6: 1730 daAuts
     D:1: 1522 daAuts
     D:2: 1208 daAuts
     D:3: 1138 daAuts
     D:4: 893 daAuts
     D:9: 526 daAuts
